BSA
NASSAU ROCKETS @ NEW ORLEANS LOOTERS
09/28/2030
 
TOP OF THE 1ST
Nassau Rockets batting - Pitching for New Orleans Looters : RHP Edward Baker
Pitching: RHP Edward Baker
Batting: LHB Andrew Alvarado 0-0: Ground out 6-3 (Groundball, 6)
Batting: LHB Juan Romero 0-0: Called Strike
0-1: Ball
1-1: Ball
2-1: Ground out 4-3 (Groundball, 4M)
Batting: SHB Edgardo Osorio 0-0: SOLO HOME RUN (Flyball, 7D), Distance : 380 ft
Batting: LHB Wilson Allen 0-0: Ball
1-0: Ball
2-0: Called Strike
2-1: Called Strike
2-2: Strikes out swinging
Top of the 1st over - 1 run, 1 hit, 0 errors, 0 left on base; Nassau 1 - New Orleans 0
BOTTOM OF THE 1ST
New Orleans Looters batting - Pitching for Nassau Rockets : LHP Ben Moody
Pitching: LHP Ben Moody
Batting: LHB Mario Álvarez 0-0: Fly out, F4 (Line Drive, 34)
Batting: RHB Rubén Vázquez 0-0: Ball
1-0: Ball
2-0: Called Strike
2-1: Foul Ball, location: 2F
2-2: Foul Ball, location: 2F
2-2: SOLO HOME RUN (Flyball, 9D), Distance : 355 ft
Batting: SHB Arturo Sánchez 0-0: Ball
1-0: Fly out, F9 (Flyball, 9S)
Batting: SHB Oliver Deleón 0-0: Called Strike
0-1: Ball
1-1: Swinging Strike
1-2: Ball
2-2: Strikes out swinging
Bottom of the 1st over - 1 run, 1 hit, 0 errors, 0 left on base; Nassau 1 - New Orleans 1
TOP OF THE 2ND
Nassau Rockets batting - Pitching for New Orleans Looters : RHP Edward Baker
Batting: RHB Wallace Greene 0-0: Called Strike
0-1: Called Strike
0-2: Ball
1-2: Ground out 6-3 (Groundball, 6)
Batting: LHB Dusty Wilson 0-0: Called Strike
0-1: Foul Ball, location: 2F
0-2: Ball
1-2: Fly out, F8 (Flyball, 89M)
Batting: RHB Jesús Villalobos 0-0: Ball
1-0: Ball
2-0: Called Strike
2-1: Ball
3-1: SINGLE (Flyball, 9S)
Batting: RHB Aaron Wilson 0-0: Ball
Jesús Villalobos is caught stealing 2nd base
Top of the 2nd over - 0 runs, 1 hit, 0 errors, 0 left on base; Nassau 1 - New Orleans 1
BOTTOM OF THE 2ND
New Orleans Looters batting - Pitching for Nassau Rockets : LHP Ben Moody
Batting: RHB Dan Banks 0-0: Called Strike
0-1: Ground out 6-3 (Groundball, 6M)
Batting: RHB Tim Gardner 0-0: DOUBLE (Flyball, 78D)
Batting: RHB Kolomon Meise 0-0: Called Strike
0-1: Foul Ball, location: 2F
0-2: Foul Ball, location: 2F
0-2: SINGLE (Line Drive, 8LS)
Tim Gardner to third
Batting: LHB Taylor Smith 0-0: Called Strike
0-1: Ball
1-1: Fly out, F9 (Flyball, 9LM)
Runner from 3rd tags up, OUT at HOME
Bottom of the 2nd over - 0 runs, 2 hits, 0 errors, 1 left on base; Nassau 1 - New Orleans 1
TOP OF THE 3RD
Nassau Rockets batting - Pitching for New Orleans Looters : RHP Edward Baker
Batting: RHB Aaron Wilson 0-0: Ball
1-0: Swinging Strike
1-1: Called Strike
1-2: DOUBLE (Line Drive, 7LM)
Batting: RHB Tommy Davenport 0-0: Swinging Strike
0-1: Foul Ball, location: 2F
0-2: Strikes out swinging, 2-3 out at first.
Batting: LHB Andrew Alvarado 0-0: Ball
1-0: Ball
2-0: Called Strike
2-1: Ground out U3 (Groundball, 34)
Aaron Wilson to third
Batting: LHB Juan Romero 0-0: Ball
1-0: Ball
2-0: 2-RUN HOME RUN (Flyball, 9LD), Distance : 346 ft
Batting: SHB Edgardo Osorio 0-0: Called Strike
0-1: Foul Ball, location: 2F
0-2: Fly out, F4 (Popup, 4M)
Top of the 3rd over - 2 runs, 2 hits, 0 errors, 0 left on base; Nassau 3 - New Orleans 1
BOTTOM OF THE 3RD
New Orleans Looters batting - Pitching for Nassau Rockets : LHP Ben Moody
Batting: SHB Travis Martin 0-0: Called Strike
0-1: Ball
1-1: Swinging Strike
1-2: Ground out 5-3 (Groundball, 56)
Batting: LHB Mario Álvarez 0-0: Fly out, F9 (Flyball, 9LS)
Batting: RHB Rubén Vázquez 0-0: Ball
1-0: Foul Ball, location: 2F
1-1: Foul Ball, location: 2F
1-2: Ball
2-2: SINGLE (Groundball, 34S) (infield hit)
Batting: SHB Arturo Sánchez 0-0: Ball
1-0: Swinging Strike
1-1: Ball
2-1: Swinging Strike
2-2: Strikes out swinging
Bottom of the 3rd over - 0 runs, 1 hit, 0 errors, 1 left on base; Nassau 3 - New Orleans 1
TOP OF THE 4TH
Nassau Rockets batting - Pitching for New Orleans Looters : RHP Edward Baker
Batting: LHB Wilson Allen 0-0: Ball
1-0: Fly out, F7 (Line Drive, 7LM)
Batting: RHB Wallace Greene 0-0: Ball
1-0: Foul Ball, location: 2F
1-1: Ball
2-1: Ball
3-1: Base on Balls
Batting: LHB Dusty Wilson 0-0: Fly out, F9 (Flyball, 9S)
Batting: RHB Jesús Villalobos 0-0: Ball
1-0: Fly out, F6 (Popup, 6D)
Top of the 4th over - 0 runs, 0 hits, 0 errors, 1 left on base; Nassau 3 - New Orleans 1
BOTTOM OF THE 4TH
New Orleans Looters batting - Pitching for Nassau Rockets : LHP Ben Moody
Batting: SHB Oliver Deleón 0-0: Fly out, F7 (Line Drive, 7S)
Batting: RHB Dan Banks 0-0: Foul Ball, location: 2F
0-1: Ball
1-1: Foul Ball, location: 2F
1-2: Fly out, F9 (Flyball, 9)
Batting: RHB Tim Gardner 0-0: Foul Ball, location: 2F
0-1: Foul Ball, location: 2F
0-2: Foul Ball, location: 2F
0-2: Foul Ball, location: 2F
0-2: Ball
1-2: Ground out 4-3 (Groundball, 4)
Bottom of the 4th over - 0 runs, 0 hits, 0 errors, 0 left on base; Nassau 3 - New Orleans 1
TOP OF THE 5TH
Nassau Rockets batting - Pitching for New Orleans Looters : RHP Edward Baker
Batting: RHB Aaron Wilson 0-0: Ball
1-0: Swinging Strike
1-1: Ball
2-1: Foul Ball, location: 2F
2-2: Foul Ball, location: 2F
2-2: Foul Ball, location: 2F
2-2: Ball
3-2: Foul Ball, location: 2F
3-2: Fly out, F3 (Popup, 23F)
Batting: RHB Tommy Davenport 0-0: Foul Ball, location: 2F
0-1: SINGLE (Line Drive, 9S)
Batting: LHB Andrew Alvarado 0-0: Ball
1-0: Ball
2-0: Ball
3-0: Called Strike
3-1: Fly out, F8 (Line Drive, 8RM)
Batting: LHB Juan Romero 0-0: Swinging Strike
0-1: SINGLE (Flyball, 78M)
Tommy Davenport to second
Batting: SHB Edgardo Osorio 0-0: Ball
1-0: Called Strike
1-1: Fly out, F7 (Flyball, 78S)
Top of the 5th over - 0 runs, 2 hits, 0 errors, 2 left on base; Nassau 3 - New Orleans 1
BOTTOM OF THE 5TH
New Orleans Looters batting - Pitching for Nassau Rockets : LHP Ben Moody
Batting: RHB Kolomon Meise 0-0: Called Strike
0-1: Called Strike
0-2: Strikes out looking
Batting: LHB Taylor Smith 0-0: Ball
1-0: Fly out, F8 (Flyball, 8LD)
Batting: SHB Travis Martin 0-0: Ball
1-0: SINGLE (Groundball, 56) (infield hit)
Batting: LHB Mario Álvarez 0-0: Swinging Strike
0-1: Called Strike
0-2: Ball
Travis Martin steals 2nd base
1-2: Ball
2-2: Strikes out looking
Bottom of the 5th over - 0 runs, 1 hit, 0 errors, 1 left on base; Nassau 3 - New Orleans 1
TOP OF THE 6TH
Nassau Rockets batting - Pitching for New Orleans Looters : RHP Edward Baker
Batting: LHB Wilson Allen 0-0: Ball
1-0: Called Strike
1-1: Foul Ball, location: 2F
1-2: Strikes out swinging, 2-3 out at first.
Batting: RHB Wallace Greene 0-0: Called Strike
0-1: Ground out 5-3 (Groundball, 5L)
Batting: LHB Dusty Wilson 0-0: Called Strike
0-1: Swinging Strike
0-2: SINGLE (Line Drive, 34D)
Batting: RHB Jesús Villalobos 0-0: Called Strike
0-1: Ball
1-1: Ground out 4-3 (Groundball, 4MS)
Top of the 6th over - 0 runs, 1 hit, 0 errors, 1 left on base; Nassau 3 - New Orleans 1
BOTTOM OF THE 6TH
New Orleans Looters batting - Pitching for Nassau Rockets : LHP Ben Moody
Batting: RHB Rubén Vázquez 0-0: Ball
1-0: Foul Ball, location: 2F
1-1: Foul Ball, location: 2F
1-2: Foul Ball, location: 2F
1-2: Strikes out swinging, 2-3 out at first.
Batting: SHB Arturo Sánchez 0-0: Called Strike
0-1: SOLO HOME RUN (Flyball, 7D), Distance : 370 ft
Batting: SHB Oliver Deleón 0-0: Fly out, F9 (Line Drive, 89D)
Batting: RHB Dan Banks 0-0: Called Strike
0-1: Ball
1-1: Foul Ball, location: 2F
1-2: Foul Ball, location: 2F
1-2: Ball
2-2: SOLO HOME RUN (Flyball, 89XD), Distance : 400 ft
Batting: RHB Tim Gardner 0-0: Called Strike
0-1: Ball
1-1: SINGLE (Groundball, 6D)
Pitching: RHP Chris Marshall
Batting: RHB Kolomon Meise 0-0: Ball
1-0: Called Strike
1-1: Foul Ball, location: 2F
1-2: Ball
2-2: Foul Ball, location: 2F
2-2: Ball
3-2: Base on Balls
Tim Gardner to second
Batting: LHB Taylor Smith 0-0: Ball
1-0: SINGLE (Line Drive, 34)
Tim Gardner to third
Kolomon Meise to second
Batting: SHB Travis Martin 0-0: Ball
1-0: Ball
2-0: Ball
3-0: Base on Balls
Tim Gardner scores
Kolomon Meise to third
Taylor Smith to second
Batting: LHB Mario Álvarez 0-0: Fly out, F4 (Popup, 4S)
Bottom of the 6th over - 3 runs, 4 hits, 0 errors, 3 left on base; Nassau 3 - New Orleans 4
TOP OF THE 7TH
Nassau Rockets batting - Pitching for New Orleans Looters : RHP Edward Baker
Batting: RHB Aaron Wilson 0-0: Called Strike
0-1: Hit by Pitch
Batting: RHB Tommy Davenport 0-0: Ball
1-0: Ball
2-0: Grounds into double play, 4-6-3 (Groundball, 4)
Batting: LHB Andrew Alvarado 0-0: DOUBLE (Flyball, 8LXD)
Batting: LHB Juan Romero 0-0: Called Strike
0-1: SINGLE (Groundball, 3D)
Andrew Alvarado to third
Runner from 3rd tries for Home, throw and OUT!
Top of the 7th over - 0 runs, 2 hits, 0 errors, 1 left on base; Nassau 3 - New Orleans 4
BOTTOM OF THE 7TH
New Orleans Looters batting - Pitching for Nassau Rockets : RHP Chris Marshall
Batting: RHB Rubén Vázquez 0-0: Ball
1-0: Ball
2-0: Called Strike
2-1: Ground out 4-3 (Groundball, 4)
Batting: SHB Arturo Sánchez 0-0: Called Strike
0-1: Swinging Strike
0-2: SINGLE (Line Drive, 56)
Batting: SHB Oliver Deleón 0-0: Foul Ball, location: 2F
0-1: Ball
1-1: Ball
2-1: Foul Ball, location: 2F
2-2: Ball
3-2: Fly out, F5 (Popup, 5)
Batting: RHB Dan Banks 0-0: Ball
Arturo Sánchez is caught stealing 2nd base
Bottom of the 7th over - 0 runs, 1 hit, 0 errors, 0 left on base; Nassau 3 - New Orleans 4
TOP OF THE 8TH
Nassau Rockets batting - Pitching for New Orleans Looters : RHP Edward Baker
Batting: SHB Edgardo Osorio 0-0: SINGLE (Flyball, 8RS)
Batting: LHB Wilson Allen 0-0: Ball
1-0: Foul Ball, location: 2F
1-1: Ball
2-1: Called Strike
2-2: Ground out 4-3 (Groundball, 34S)
Edgardo Osorio to second
Batting: RHB Wallace Greene 0-0: Ground out 6-3 (Groundball, 6)
Edgardo Osorio to third
Batting: LHB Dusty Wilson 0-0: Ball
1-0: Foul Ball, location: 2F
1-1: Called Strike
1-2: Strikes out swinging
Top of the 8th over - 0 runs, 1 hit, 0 errors, 1 left on base; Nassau 3 - New Orleans 4
BOTTOM OF THE 8TH
New Orleans Looters batting - Pitching for Nassau Rockets : RHP Chris Marshall
Pitching: LHP Joaquín Gonzáles
Batting: RHB Dan Banks 0-0: Fly out, F5 (Popup, 15)
Batting: RHB Tim Gardner 0-0: Ball
1-0: Ball
2-0: Called Strike
2-1: DOUBLE (Line Drive, 7D)
Batting: RHB Kolomon Meise 0-0: Called Strike
0-1: Ball
1-1: Foul Ball, location: 2F
1-2: Ball
2-2: Fly out, F9 (Flyball, 9)
Batting: LHB Taylor Smith 0-0: Ball
1-0: Ball
2-0: Ball
3-0: Fly out, F7 (Flyball, 7S)
Bottom of the 8th over - 0 runs, 1 hit, 0 errors, 1 left on base; Nassau 3 - New Orleans 4
TOP OF THE 9TH
Nassau Rockets batting - Pitching for New Orleans Looters : RHP Edward Baker
Pitching: LHP Juan Méndez
Batting: RHB Jesús Villalobos 0-0: Ball
1-0: Fly out, F8 (Line Drive, 8LM)
Batting: RHB Aaron Wilson 0-0: Fly out, F5 (Popup, 56S)
Batting: RHB Tommy Davenport 0-0: Called Strike
0-1: Fly out, F9 (Flyball, 9D)
Top of the 9th over - 0 runs, 0 hits, 0 errors, 0 left on base; Nassau 3 - New Orleans 4
Saturday, April 7th, 2018 - OOTP Baseball 18.8 Build 76